Map: El Dorado

Players

wootwoot - Winner!

  • Race: Protoss Protoss
  • League: Silver
  • Spawn Location: 5:00

OneBadZerg

  • Race: Zerg Zerg
  • League: Gold
  • Spawn Location: 7:00

VOD

Have the link to the VOD?

Description

Time

  • Played on: April 21, 2025, 11:35 a.m.
  • Length: 2:58
Show
View Real Time Build Order
Export as new Build Order

wootwoot Protoss - Winner!

Build Orders:  

Get SALT Encoding   

  12  0:00  Probe  
  13  0:13  Probe  
  14  0:25  Probe  
  15  0:29  Pylon  
  15  0:47  Gateway  
  15  0:49  Gateway  
  15  0:58  Gateway  
  15  1:09  Gateway  
  15  1:19  Pylon  
  15  1:25  Zealot  
  15  1:27  Zealot  
  19  1:45  Zealot  
  21  1:51  Zealot  
  23  1:54  Zealot  
  25  2:02  Zealot  
  27  2:12  Pylon  
  27  2:22  Zealot  
  29  2:24  Zealot  
  35  2:50  Pylon  
Show
View Real Time Build Order
Export as new Build Order

OneBadZerg Zerg 

Build Orders: Hatch First 

Get SALT Encoding   

  12  0:01  Drone  
  13  0:12  Overlord  
  13  0:18  Drone  
  14  0:34  Drone  
  14  0:35  Drone x2  
  17  0:57  Drone  
  17  1:00  Extractor  
  17  1:01  Hatchery  
  16  1:06  Drone  
  16  1:07  Drone  
  18  1:20  Spawning Pool  
  18  1:23  Drone  
  18  1:28  Drone  
  19  1:39  Drone  
  20  1:57  Overlord  
  20  2:10  Queen  
  20  2:14  Spine Crawler, Zergling x4  
  22  2:18  Spine Crawler  
  22  2:21  Spine Crawler  
  17  2:39  Zergling x4  
Tags
 
Matchup
PvZ
Replay Pack
#1B2M-Replays
Spawn Locations
Close Positions
Add a new tag
Caveats
  • Supply blocks, unpowered buildings, or Contaminate may cause inaccurate times.
  • Supply counts are checked every 10 seconds.